Map: Givre EC

Players

zidar

  • Race: Zerg Zerg
  • League: Platinum
  • Spawn Location: 11:00

Solidtune - Winner!

  • Race: Protoss Protoss
  • League: Gold
  • Spawn Location: 7:00

VOD

Have the link to the VOD?

Description

Time

  • Played on: Oct. 14, 2016, 2:11 p.m.
  • Length: 5:40
Show
View Real Time Build Order
Export as new Build Order

zidar Zerg 

Build Orders: Pool First 

Get SALT Encoding   

  12  0:02  Drone  
  13  0:12  Overlord  
  13  0:17  Drone  
  14  0:31  Drone x2  
  14  0:35  Drone  
  17  0:49  Spawning Pool  
  16  0:51  Drone  
  17  1:15  Hatchery  
  17  1:17  Drone  
  17  1:22  Extractor, Drone  
  17  1:35  Queen  
  20  1:40  Drone  
  20  1:43  Drone  
  21  1:58  Drone  
  22  2:07  Overlord  
  22  2:25  Queen  
  23  2:37  Zergling x8  
  27  2:54  Drone x5  
  32  3:02  Metabolic Boost  
  32  3:12  Queen  
  34  3:21  Drone x2  
  34  3:23  Overlord  
  34  3:24  Overlord x2  
  34  3:27  Lair  
  35  3:34  Zergling x2  
  36  3:44  Zergling x2  
  36  3:45  Zergling x4  
  36  3:46  Zergling x4  
  41  4:07  Roach Warren, Extractor  
  38  4:29  Zergling x14  
  42  4:32  Zergling x2  
  42  4:33  Zergling x4  
  36  4:54  Zergling x10  
  36  4:55  Zergling x2  
  30  5:18  Zergling x2  
  30  5:19  Zergling x6  
  31  5:32  Spine Crawler  
Show
View Real Time Build Order
Export as new Build Order

Solidtune Protoss - Winner!

Build Orders: Mass Adepts 

Get SALT Encoding   

  12  0:01  Probe (Chrono Boost)  
  13  0:11  Probe (Chrono Boost)  
  14  0:22  Probe (Chrono Boost), Pylon  
  15  0:40  Probe (Chrono Boost)  
  15  0:41  Gateway  
  16  0:47  Assimilator  
  16  0:51  Probe (Chrono Boost)  
  16  0:53  Assimilator  
  17  1:01  Probe (Chrono Boost)  
  18  1:06  Pylon  
  18  1:13  Probe (Chrono Boost)  
  19  1:23  Probe (Chrono Boost)  
  20  1:28  Cybernetics Core  
  20  1:32  Gateway  
  20  1:35  Probe (Chrono Boost)  
  21  1:45  Probe (Chrono Boost)  
  22  1:56  Probe (Chrono Boost)  
  23  2:04  Adept  
  23  2:06  Probe (Chrono Boost), Warp Gate (Chrono Boost)  
  26  2:17  Mothership Core  
  28  2:24  Pylon  
  28  2:26  Adept  
  30  2:39  Robotics Facility  
  30  2:54  Pylon  
  30  2:56  Gateway  
  30  3:01  Gateway  
  30  3:05  Adept  
  30  3:06  Adept  
  34  3:33  Immortal (Chrono Boost)  
  38  3:36  Adept x2  
  42  3:49  Pylon  
  42  4:11  Immortal (Chrono Boost)  
  42  4:15  Stalker x2  
  50  4:18  Adept  
  52  4:29  Adept  
  46  4:39  Adept x2  
  50  4:59  Immortal (Chrono Boost)  
  50  5:15  Adept x2  
  54  5:25  Pylon  
Tags
 
Composition
Mass Adepts
Matchup
PvZ
Opening
Pool First
Spawn Locations
Close Positions
Add a new tag
Caveats
  • Supply blocks, unpowered buildings, or Contaminate may cause inaccurate times.
  • Supply counts are checked every 10 seconds.